 Dungeon Crawl Stone Soup version 0.31-a0-948-gf5be29c462 (webtiles) character file.

Game seed: 12683625813731450013

669808 Armakuni the Ruinous (level 27, -3/171 HPs)
             Began as a Human Wanderer on Oct 15, 2023.
             Was the Champion of Vehumet.
             Slain by Ignacio
             ... wielding a +2 executioner's axe of pain
              (9 damage)
             ... in Pandemonium on Oct 21, 2023.
             The game lasted 04:55:42 (67977 turns).

Armakuni the Ruinous (Human Wanderer)              Turns: 67977, Time: 04:55:43

Health: -3/171     AC: 18    Str: 15    XL:     27
Magic:  14/51      EV: 11    Int: 44    God:    Vehumet [******]
Gold:   6517       SH:  9    Dex: 17    Spells: 16/75 levels left

rFire   + + +        a - staff of the Elven Halls {rF+ Str+2 Int+4 Fire}
rCold   + . .        L - +3 buckler {reflect}
rNeg    . . .        Q - quicksilver dragon scales "Melah" {rElec Will+ Str+3}
rPois   +            p - +2 helmet
rElec   +            X - scarf {rC+ rF+}
rCorr   +            C - +2 pair of gloves
SInv    +            U - +0 pair of boots of Etuunepy {+Blink +Inv Regen+ Dex+3}
Will    +++++        R - amulet of Pariqem {rPois rF+ Regen+ Int+4 Dex+3}
Stlth   +            W - ring "Zuesm" {rPois rF+ Will+++ Int+6 Dex-3}
HPRegen 2.08/turn    I - ring of the Ferocious God {rF++ rCorr Int+2 SInv}
MPRegen 0.32/turn

%: reflection
@: studying Ranged Weapons
A: clever 1, weak 1, wild magic 2
}: 6/15 runes: decaying, slimy, silver, demonic, fiery, gossamer
a: Renounce Religion, Evoke Blink, Evoke Invisibility


You were in Pandemonium.
You worshipped Vehumet.
Vehumet was exalted by your worship.
You visited 12 branches of the dungeon, and saw 52 of its levels.
You visited Pandemonium 1 time, and saw 5 of its levels.
You also visited: Trove, Bailey and Ice Cave.

You collected 13135 gold pieces.
You spent 6618 gold pieces at shops.

Inventory:

Armour
 e - an orb of energy
 p - a +2 helmet (worn)
 C - a +2 pair of gloves (worn)
 L - a +3 buckler of reflection (worn)
 Q - the quicksilver dragon scales "Melah" (worn) {rElec Will+ Str+3}
   (You acquired it on level 4 of the Swamp)

   Str+3:     It affects your strength (+3).
   rElec:     It insulates you from electricity.
   Will+:     It increases your willpower.
 U - the +0 pair of boots of Etuunepy (worn) {+Blink +Inv Regen+ Dex+3}
   (You bought it in a shop on level 1 of the Orcish Mines)

   Dex+3:     It affects your dexterity (+3).
   +Inv:      It lets you turn invisible.
   +Blink:    It lets you blink.
   Regen+:    It increases your rate of health regeneration.
 X - a scarf of resistance (worn)
Magical Staves
 a - the staff of the Elven Halls (weapon) {rF+ Str+2 Int+4 Fire}
   (You found it in Pandemonium)

   [staff of fire]

   Base accuracy: +5 Base damage: 5 Base attack delay: 1.2 This weapon's minimum
   attack delay (0.6) is reached at skill level 12.
   Str+2:     It affects your strength (+2).
   Int+4:     It affects your intelligence (+4).
   rF+:       It protects you from fire.
   Fire:      It increases the power of your Fire spells.
   It falls into the 'Staves' category.
   It is a one-handed weapon.
 b - a staff of conjuration
Jewellery
 I - the ring of the Ferocious God (right hand) {rF++ rCorr Int+2 SInv}
   (You found it in a treasure trove)

   [ring of resist corrosion]

   Int+2:     It affects your intelligence (+2).
   rF++:      It greatly protects you from fire.
   SInv:      It lets you see invisible.
   rCorr:     It protects you from acid and corrosion.
 J - the ring "Hukluc" {Wiz rC+ Str+3}
   (You took it off a yaktaur captain on level 5 of the Vaults)

   [ring of wizardry]

   Wiz:       It improves your spell success rate.
   Str+3:     It affects your strength (+3).
   rC+:       It protects you from cold.
 K - the ring "Fopsy" {rCorr Int+6}
   (You took it off a yaktaur captain on level 5 of the Vaults)

   [ring of resist corrosion]

   Int+6:     It affects your intelligence (+6).
   rCorr:     It protects you from acid and corrosion.
 R - the amulet of Pariqem (around neck) {rPois rF+ Regen+ Int+4 Dex+3}
   (You acquired it on level 7 of the Dungeon)

   [amulet of regeneration]

   Int+4:     It affects your intelligence (+4).
   Dex+3:     It affects your dexterity (+3).
   rF+:       It protects you from fire.
   rPois:     It protects you from poison Regen+: It increases your rate of
   health regeneration.
 W - the ring "Zuesm" (left hand) {rPois rF+ Will+++ Int+6 Dex-3}
   (You found it on level 3 of the Crypt)

   [ring of intelligence]

   Int+6:     It affects your intelligence (+6).
   Dex-3:     It affects your dexterity (-3).
   rF+:       It protects you from fire.
   rPois:     It protects you from poison Will+++: It greatly increases your
   willpower.
Talismans
 E - a talisman of death
Wands
 c - a wand of charming (72)
 j - a wand of iceblast (51)
 k - a wand of digging (20)
 m - a wand of mindburst (24) (quivered)
 s - a wand of quicksilver (46)
 v - a wand of flame (105)
Scrolls
 f - 11 scrolls of vulnerability
 g - a scroll of enchant armour
 h - 4 scrolls of butterflies
 n - 10 scrolls of poison
 w - 28 scrolls of identify
 y - 3 scrolls of revelation
 A - 9 scrolls of fear
 B - 10 scrolls of fog
 D - 27 scrolls of teleportation
 F - 4 scrolls of noise
 M - 2 scrolls of silence
 O - 3 scrolls of amnesia
 V - 4 scrolls of torment
 Z - 7 scrolls of immolation
Potions
 d - 4 potions of berserk rage
 i - 13 potions of might
 l - 2 potions of cancellation
 o - 8 potions of brilliance
 q - 17 potions of heal wounds
 u - 7 potions of magic
 x - 15 potions of haste
 z - 7 potions of resistance
 G - 5 potions of mutation
 H - 11 potions of ambrosia
 N - 3 potions of attraction
 S - 14 potions of lignification
 T - 23 potions of curing
 Y - 4 potions of enlightenment
Miscellaneous
 r - a sack of spiders
 t - a tin of tremorstones (2/2)


   Skills:
 - Level 4.5 Fighting
 - Level 4.0 Short Blades
 - Level 12.0 Staves
 - Level 5.0 Armour
 - Level 2.0 Dodging
 - Level 1.0 Stealth
 - Level 7.0 Shields
 + Level 24.7 Spellcasting
 + Level 25.5 Conjurations
 - Level 2.0 Hexes
 - Level 4.0 Summonings
 - Level 5.0 Transmutations
 + Level 25.2 Fire Magic
 - Level 3.0 Ice Magic
 - Level 5.0 Air Magic
 - Level 10.0 Evocations


You had 16 spell levels left.
You knew the following spells:

 Your Spells              Type           Power      Damage    Failure   Level
a - Apportation           Tloc           100%       N/A       3%          1
b - Blink                 Tloc           100%       N/A       4%          2
f - Fire Storm            Conj/Fire      96%        8d24      1%          9
i - Ignition              Fire           95%        3d24      1%          8
m - Iskenderun's Mystic   Conj/Tloc      100%       2d19      1%          4
o - Orb of Destruction    Conj           82%        9d18      1%          7
p - Plasma Beam           Fire/Air       83%        2x1d101   1%          6
s - Spellforged Servitor  Conj/Summ      69%        N/A       1%          7
w - Passwall              Tmut/Erth      74%        N/A       2%          2
z - Lehudib's Crystal Sp  Conj/Erth      66%        10d15     12%         8
I - Irradiate             Conj/Tmut      70%        3d35      1%          5

Your spell library contained the following spells:

 Spells                   Type           Power      Damage    Failure   Level
 Foxfire                  Conj/Fire      100%       2x1d9     1%          1
 Freeze                   Ice            100%       1d10      1%          1
 Kiss of Death            Conj/Necr      100%       2d13      1%          1
 Sandblast                Erth           100%       2d20      1%          1
 Shock                    Conj/Air       100%       1d9       1%          1
 Sting                    Tmut/Pois      100%       1d8       1%          1
 Summon Small Mammal      Summ           100%       N/A       1%          1
 Poisonous Vapours        Pois/Air       100%       N/A       1%          2
 Scorch                   Fire           100%       2d9       1%          2
 Wereblood                Tmut           100%       N/A       1%          2
 Frozen Ramparts          Ice            100%       1d16      1%          3
 Hailstorm                Conj/Ice       100%       3d20      1%          3
 Ignite Poison            Fire/Tmut/Pois 100%       N/A       1%          3
 Inner Flame              Hex/Fire       100%       N/A       1%          3
 Mephitic Cloud           Conj/Pois/Air  100%       N/A       1%          3
 Stone Arrow              Conj/Erth      100%       3d13      1%          3
 Swiftness                Air            100%       N/A       1%          3
 Volatile Blastmotes      Fire/Tloc      100%       2d18      1%          3
 Airstrike                Air            51%        2d(8-24)  1%          4
 Flame Wave               Conj/Fire      100%       2d21      1%          4
 Sticky Flame             Conj/Fire      100%       2d11      1%          4
 Arcjolt                  Conj/Air       70%        1d80      1%          5
 Freezing Cloud           Conj/Ice/Air   63%        6-21      1%          5
 Iskenderun's Battlesphe  Conj           100%       2d15      1%          5
 Bombard                  Conj/Erth      66%        9d11      1%          6
 Conjure Ball Lightning   Conj/Air       70%        3x3d26    1%          6
 Cigotuvi's Dreadful Rot  Necr/Pois/Air  100%       N/A       2%          2
 Ensorcelled Hibernation  Hex/Ice        100%       N/A       2%          2
 Jinxbite                 Hex            100%       N/A       2%          2
 Call Canine Familiar     Summ           97%        N/A       2%          3
 Necrotise                Necr           100%       1d9       3%          1
 Confusing Touch          Hex            86%        N/A       3%          3
 Ozocubu's Armour         Ice            92%        N/A       3%          3
 Summon Guardian Golem    Hex/Summ       92%        N/A       3%          3
 Tukima's Dance           Hex            86%        N/A       3%          3
 Lesser Beckoning         Tloc           100%       N/A       4%          2
 Sublimation of Blood     Necr           72%        N/A       4%          2
 Olgreb's Toxic Radiance  Pois           72%        N/A       4%          4
 Summon Lightning Spire   Summ/Air       100%       N/A       4%          4
 Gell's Gravitas          Tloc           72%        N/A       6%          3
 Teleport Other           Tloc           72%        N/A       6%          3
 Vampiric Draining        Necr           72%        2d11      6%          3
 Petrify                  Tmut/Erth      89%        N/A       8%          4
 Animate Armour           Summ/Erth      100%       N/A       9%          4
 Cause Fear               Hex            43%        N/A       9%          4
 Lee's Rapid Deconstruct  Erth           36%        3d18*     10%         5
 Anguish                  Hex/Necr       39%        N/A       12%         4
 Dimensional Bullseye     Hex/Tloc       39%        N/A       12%         4
 Leda's Liquefaction      Hex/Erth       39%        N/A       12%         4
 Silence                  Hex/Air        47%        N/A       12%         5
 Animate Dead             Necr           72%        N/A       16%         4
 Dispel Undead            Necr           72%        3d24      16%         4
 Manifold Assault         Tloc           72%        N/A       16%         4
 Passage of Golubria      Tloc           72%        N/A       16%         4
 Alistair's Intoxication  Tmut/Pois      59%        N/A       16%         5
 Metabolic Englaciation   Hex/Ice        44%        N/A       16%         5
 Eringya's Noxious Bog    Tmut/Pois      44%        4d6       17%         6
 Summon Forest            Summ/Tloc      43%        N/A       19%         5
 Agony                    Necr           72%        N/A       34%         5
 Borgnjor's Vile Clutch   Necr/Erth      36%        N/A       34%         5
 Summon Cactus Giant      Summ           48%        N/A       36%         6
 Chain Lightning          Conj/Air       70%        3d93      45%         9
 Ozocubu's Refrigeration  Ice            46%        4d17      50%         7
 Simulacrum               Ice/Necr       41%        N/A       67%         6
 Death Channel            Necr           36%        N/A       85%         6
 Dispersal                Tloc           36%        N/A       85%         6
 Summon Hydra             Summ           48%        N/A       87%         7
 Enfeeble                 Hex            43%        N/A       98%         7
 Haunt                    Necr/Summ      43%        N/A       98%         7
 Malign Gateway           Summ/Tloc      43%        N/A       98%         7
 Borgnjor's Revivificati  Necr           36%        N/A       100%        8
 Discord                  Hex            43%        N/A       100%        8
 Disjunction              Tloc           36%        N/A       100%        8
 Infestation              Necr           36%        N/A       100%        8
 Summon Horrible Things   Summ           48%        N/A       100%        8
 Death's Door             Necr           36%        N/A       100%        9
 Polar Vortex             Ice            46%        12d6*     100%        9
 Shatter                  Erth           36%        3d29*     100%        9


Dungeon Overview and Level Annotations

Branches:
Dungeon (15/15)            Temple (1/1) D:7            Lair (5/5) D:11
  Swamp (4/4) Lair:3       Spider (4/4) Lair:3        Slime (5/5) Lair:5
    Orc (2/2) D:9             Elf (3/3) Orc:2        Vaults (5/5) D:14
  Crypt (3/3) Vaults:3       Tomb (0/3) Crypt:3      Depths (4/4) D:15
   Hell (visited)             Zot (0/5) Depths:4     Bailey (visited)
  IceCv (visited)
    Dis: Hell:1         Geh: Hell:1         Coc: Hell:1         Tar: Hell:1

Altars:
Ashenzari
Cheibriados
Dithmenos
Elyvilon
Fedhas
Gozag
Hepliaklqana
Kikubaaqudgha
Makhleb
Nemelex Xobeh
Okawaru
Qazlal
Ru
Sif Muna
Trog
Uskayaw
Vehumet
Wu Jian
Xom
Yredelemnul
Zin
The Shining One
Lugonu

Shops:
D:5 *[   D:8 (   D:11 (   D:15 =   Orc:1 [!   Orc:2 *!=?   Elf:2 :   Elf:3 !

Portals:
Hell: Depths:1 Depths:2 Depths:3 Depths:4
Abyss: Depths:2 Depths:3
Pandemonium: Depths:2
Ziggurat: Depths:1

Annotations:
D:8 1 transporter
Swamp:4 1 runed translucent door, Xoff's ghost, adept GnCj
Elf:2 3 runed translucent doors
Hell Geryon; Murray
Pan Ignacio


Innate Abilities, Weirdness & Mutations

Your mind is acute. (Int +4, Str/Dex -1)
You are weak. (Str -2)
Your spells are harder to cast, but more powerful.


Message History

You writhe in agony.
Casting: Iskenderun's Mystic Blast (safe; 1% risk of failure)
Confirm with . or Enter, or press ? or * to list all spells.
You erupt in a blast of force!
The mystic blast hits Ignacio!!
Ignacio is heavily wounded.
Ignacio is knocked back by the mystic blast.
Casting: Iskenderun's Mystic Blast (safe; 1% risk of failure)
Confirm with . or Enter, or press ? or * to list all spells.
Aiming: Fire Storm (dangerous; 1% risk of failure)
Press: ? - help, Dir - move target, p - Ignacio You feel a surge of power!
A raging storm of fire appears!
The great blast of fire engulfs Ignacio!!!
Ignacio partially resists.
Ignacio is severely wounded.
You hear a shout! x4
Ignacio is engulfed in blazing flames.
Ignacio hits you with a +2 executioner's axe of pain!
You writhe in agony!
Ignacio hits your fire vortex with a +2 executioner's axe of pain!
Ignacio hits you with a +2 executioner's axe of pain!
You writhe in agony!
* * * LOW HITPOINT WARNING * * *
Ignacio barely misses your fire vortex. Ignacio closely misses you.
Ignacio hits your fire vortex with a +2 executioner's axe of pain.
You block Ignacio's attack.
Ignacio hits your fire vortex with a +2 executioner's axe of pain!
Ignacio hits you with a +2 executioner's axe of pain!
* * * LOW HITPOINT WARNING * * *
You writhe in agony.
* * * LOW HITPOINT WARNING * * *
Ignacio hits your fire vortex with a +2 executioner's axe of pain!!
Your fire vortex dissipates!
Ignacio hits you with a +2 executioner's axe of pain.
* * * LOW HITPOINT WARNING * * *
You writhe in agony.
* * * LOW HITPOINT WARNING * * *
Ignacio hits you but does no damage.
You writhe in agony!!
* * * LOW HITPOINT WARNING * * *
Ignacio hits you with a +2 executioner's axe of pain!
You die...

##################
...........§○☼☼☼..
.........@1○§○☼☼..
########..##########
.......#..#
.......#..# #..'..#
+..#..# #..#..#
#..#..# #..#..#


You could see Ignacio (fast).

Vanquished Creatures
  Cerebov (Pan)
  the Royal Jelly (Slime:5)
  2 ancient liches
  A juggernaut (Depths:3)
  The ghost of Inony the Crack Shot, a master FoHu of Okawaru (Vaults:4)
  Frederick (Vaults:3)
  The ghost of Ge0ff the Scorcher, a veteran OpAr of Vehumet (Depths:3)
  the Lernaean hydra (Swamp:4)
  A curse toe (Crypt:3)
  Margery (Depths:3)
  2 golden dragons
  A pandemonium lord (Pan)
  2 Brimstone Fiends (Pan)
  3 doom hounds
  5 liches
  2 tentacled monstrosities (Vaults:5)
  An Ice Fiend (Pan)
  4 titans
  4 deep elf blademasters (Elf:3)
  Rupert (D:14)
  Zenata (Vaults:1)
  A walking divine tome (Depths:3)
  A searing wretch (Depths:3)
  11 acid blobs
  Grunn (Crypt:2)
  A sphinx (shapeshifter) (Vaults:5)
  A deep elf master archer (Elf:3)
  An Executioner (Pan)
  10 sphinxes
  5 quicksilver dragons (Vaults:5)
  6 ancient champions (Crypt:3)
  Agnes (D:14)
  The ghost of Vorhees the Brawler, an adept TrDe of Gozag (Spider:3)
  Donald (Elf:2)
  6 shadow dragons
  The ghost of flestrin the Brawler, a journeyman TrMo of Jiyva (Swamp:3)
  12 tengu reavers
  Aizul (Vaults:3)
  A revenant (Crypt:2)
  5 storm dragons
  3 daevas (Depths:1)
  Roxanne (D:14)
  The ghost of WhatIsLove the Champion of Chaos, an adept DjVM of Makhleb (Spider:4)
  8 azure jellies
  6 rockslimes (Slime:5)
  3 iron dragons (Vaults:5)
  Louise (Spider:2)
  12 ghost moths
  23 vault wardens
  6 deep elf elementalists (Elf:3)
  11 emperor scorpions
  14 deep elf sorcerers
  11 frost giants
  A draconian scorcher (Depths:4)
  A curse skull (Crypt:2)
  2 juggernaut zombies (Depths:3)
  11 balrugs (Pan)
  2 orc warlords
  10 ghouls (Crypt:2)
  A demonspawn blood saint (Pan)
  2 broodmothers
  9 fire giants
  29 ironbound preservers
  2 cacodemons (Pan)
  9 very ugly things
  3 war gargoyles
  9 quicksilver oozes
  5 caustic shrike skeletons (Crypt:3)
  7 reapers
  A juggernaut skeleton (Crypt:3)
  18 stone giants
  A draconian annihilator (Depths:4)
  10 deep elf demonologists
  3 demonspawn black suns (Pan)
  8 ironbound thunderhulks
  8 eleionomae
  14 deep elf annihilators
  2 white draconians (Depths:4)
  12 dire elephants
  2 spectral titans (Depths:3)
  2 black draconians (Depths:4)
  2 pale draconians (Depths:4)
  6 vampire knights
  Azrael (Spider:3)
  2 spectral hellephants (Crypt:1)
  2 yellow draconians (Depths:4)
  7 spark wasps
  6 lorocyprocas (Pan)
  Snorg (Lair:4)
  A bunyip (Swamp:4)
  2 blizzard demons (Pan)
  8 fire dragons
  6 deep elf death magi
  Josephine (D:14)
  5 eidola
  6 ettins
  20 yaktaur captains
  A shambling mangrove (Swamp:3)
  2 entropy weavers
  9 jiangshi
  A crystal guardian (Vaults:2)
  7 deep elf high priests
  6 great orbs of eyes
  6 rakshasas
  2 spriggan air magi
  3 hell beasts
  6 ice dragons
  5 caustic shrike simulacra
  16 hydras
  5 peacekeepers
  13 ironbound frosthearts
  A quicksilver dragon skeleton (Depths:3)
  4 ogre magi
  42 vault guards
  A ghost crab (Swamp:4)
  2 juggernaut simulacra (Depths:3)
  18 centaur warriors
  2 death knights
  A spriggan skeleton (Crypt:3)
  7 alligators
  A sphinx zombie (Depths:3)
  13 boulder beetles
  2 radroaches
  A satyr (shapeshifter) (D:14)
  A catoblepas (D:15)
  9 dancing weapons
  Urug (Orc:2)
  7 two-headed ogres
  6 vampire magi (Crypt:3)
  7 deep troll earth magi
  2 titan zombies (Depths:3)
  4 death yaks (Lair:5)
  15 tengu warriors
  A hell hog (Depths:2)
  6 orc high priests
  10 deep troll shamans
  An occultist (Depths:1)
  6 demonic crawlers
  5 spriggan berserkers
  Sonja (Lair:5)
  3 soul eaters
  A fire crab (Lair:5)
  18 deep elf knights
  3 iron trolls
  2 skysharks (Lair:4)
  2 spectral elves (Crypt:1)
  Amaemon (Lair:1)
  29 sun demons
  A salamander mystic (Depths:2)
  2 shadow wraiths (Crypt:3)
  4 titan skeletons
  18 hell knights
  A sixfirhy (Pan)
  14 skeletal warriors
  8 pharaoh ants
  3 sun moths
  A death drake (Swamp:4)
  A shadow demon (Pan)
  10 orb spiders
  Lodul (D:13)
  71 deep trolls
  3 goliath frogs
  5 spriggan druids
  10 swamp dragons
  2 obsidian statues (IceCv)
  A deep troll (shapeshifter) (Vaults:5)
  2 glowing orange brains
  4 flayed ghosts
  17 bog bodies
  A fenstrider witch simulacrum (Crypt:2)
  17 deep elf archers
  12 phantasmal warriors
  A shadow dragon zombie (Depths:3)
  9 lindwurms
  A lindwurm (shapeshifter) (Vaults:5)
  A spriggan simulacrum (Elf:2)
  An anaconda skeleton (Crypt:3)
  27 deep elf pyromancers
  28 ironbound convokers
  4 steelbarb worms
  6 orc knights
  10 arcanists
  12 necromancers
  5 shining eyes (Slime:4)
  21 wolf spiders
  2 moths of wrath
  37 ugly things
  5 orc sorcerers
  3 stone giant zombies (Depths:3)
  36 deep elf zephyrmancers
  A shadow dragon skeleton (Depths:3)
  9 cyclopes
  5 manticores
  3 salamanders (Depths:2)
  5 black mambas
  7 will-o-the-wisps
  A centaur zombie (Hell)
  A stone giant skeleton (Crypt:3)
  5 elephants (Lair:1)
  17 vault sentinels
  A water nymph (shapeshifter) (Vaults:5)
  A black mamba (shapeshifter) (Elf:1)
  A titan simulacrum (Depths:3)
  10 smoke demons
  An ice statue (D:9)
  A hellion (Hell)
  5 torpor snails
  11 orange demons
  2 eyes of devastation
  A naga skeleton (Hell)
  2 eyes of devastation (shapeshifter)
  A gargoyle (D:12)
  9 cane toads
  2 centaur skeletons (Crypt:3)
  6 molten gargoyles
  5 rime drakes
  A dire elephant skeleton (Crypt:3)
  6 freezing wraiths
  12 komodo dragons
  36 yaktaurs
  An unseen horror (D:12)
  A yaktaur zombie (Vaults:3)
  10 ice devils
  10 efreet
  10 tengu conjurers
  2 tormentors (Pan)
  4 kobold demonologists
  4 guardian mummies (Crypt:3)
  A catoblepas skeleton (Crypt:3)
  2 red devils
  2 anaconda simulacra
  2 golden dragon simulacra (IceCv)
  4 large abominations (Pan)
  A queen bee (shapeshifter) (D:13)
  6 meliai
  A bloated husk (Swamp:4)
  A queen bee (Spider:4)
  6 tyrant leeches
  A hellwing (Pan)
  A polar bear (Lair:4)
  9 trolls
  A glass eye (Slime:5)
  2 harpy skeletons (Crypt:3)
  17 tarantellas
  29 hornets
  Prince Ribbit (D:6)
  7 blink frogs
  2 alligator simulacra
  2 hydra skeletons
  A tarantella (shapeshifter) (D:15)
  3 dream sheep
  2 stone giant simulacra (Depths:3)
  An ettin skeleton (Crypt:3)
  5 air elementals
  Sigmund (D:2)
  40 slime creatures
  41 jumping spiders
  14 spriggans
  4 ynoxinuls (Pan)
  16 culicivoras
  11 water elementals
  12 wyverns
  A culicivora (shapeshifter) (D:15)
  60 yaks
  A fire bat (shapeshifter) (Elf:3)
  12 wraiths
  4 minotaur simulacra
  A human (D:4)
  39 redbacks
  11 golden eyes
  6 basilisks
  4 fire elementals
  A tyrant leech zombie (Crypt:3)
  2 chaos spawn (Pan)
  3 neqoxecs (Pan)
  13 steam dragons
  5 vampire mosquitoes
  A fire bat zombie (Crypt:1)
  8 swamp worms
  9 wargs
  A harpy simulacrum (IceCv)
  A skyshark zombie (Crypt:1)
  8 hell hounds
  3 acid dragons (Depths:4)
  3 hydra simulacra (IceCv)
  8 water moccasins
  Duvessa (D:7)
  Menkaure (D:7)
  2 fire bat skeletons
  A glowing shapeshifter skeleton (Depths:3)
  9 swamp drakes
  A sky beast (D:7)
  The ghost of JaaP the Covered, an amateur MiFi of Makhleb (D:3)
  An ice beast (Bailey)
  31 orc warriors
  6 black bears
  An ettin simulacrum (IceCv)
  11 centaurs
  2 boggarts
  21 ogres
  An ogre (shapeshifter) (Vaults:5)
  29 wolves
  A hog zombie (Crypt:1)
  A human skeleton (Vaults:3)
  2 phantoms (D:5)
  6 kobold brigands
  An elf zombie (Crypt:3)
  A salamander skeleton (Crypt:3)
  4 gnoll sergeants
  An elf skeleton (Crypt:2)
  18 bullfrogs
  A demonspawn simulacrum (Hell)
  A deep troll simulacrum (Elf:2)
  4 earth elementals
  14 scorpions
  22 wights
  32 killer bees
  Dowan (D:7)
  A lindwurm simulacrum (Elf:2)
  A raiju zombie (Crypt:1)
  5 howler monkeys
  An electric eel (Lair:5)
  A shapeshifter skeleton (Crypt:2)
  5 lava snakes (Lair:5)
  A gnoll bouda (D:6)
  A hound (D:5)
  17 orc priests
  2 sleepcaps
  2 human zombies
  4 hell rats (Lair:5)
  An iguana (D:6)
  19 orc wizards
  A scorpion zombie (Crypt:2)
  30 gnolls
  A howler monkey skeleton (Crypt:1)
  10 adders
  4 river rats (Lair:5)
  A swamp drake skeleton (Crypt:3)
  2 shadow imps
  2 white imps
  10 ufetubi
  An adder zombie (Crypt:3)
  4 worms
  2 dart slugs
  94 orcs
  10 bats
  6 endoplasms
  4 giant cockroaches
  7 goblins
  8 hobgoblins
  6 jackals
  21 kobolds
  3 quokkas
  8 ball pythons
  4 frilled lizards
  A gnoll skeleton (Crypt:1)
  3 goblin skeletons (D:7)
  2 goblin zombies (D:7)
  A hobgoblin zombie (D:7)
  2 kobold skeletons (D:7)
  A kobold zombie (Crypt:1)
  13 rats
  5 fire vortices
2421 creatures vanquished.

Vanquished Creatures (collateral kills)
  Saint Roka (Vaults:5)
  An acid blob (Slime:5)
  A ghost moth (Spider:4)
  4 ghouls (Crypt:2)
  An ironbound preserver (Vaults:5)
  A reaper (Pan)
  A quicksilver ooze (Slime:5)
  A stone giant (Depths:3)
  An acid blob zombie (Crypt:2)
  A slime creature (Vaults:4)
  2 jiangshi (Crypt:3)
  A death knight (Crypt:1)
  An iron troll (Depths:2)
  5 skeletal warriors (Crypt:2)
  A goliath frog (Swamp:4)
  A golden dragon skeleton (Crypt:3)
  An ironbound convoker (Vaults:1)
  A phantasmal warrior (Crypt:2)
  A freezing wraith (Crypt:2)
  A white draconian skeleton (Crypt:2)
  A centaur simulacrum (Crypt:2)
  A cane toad skeleton (Crypt:2)
  A wight (Crypt:3)
  A killer bee (D:9)
  An orc (Vaults:5)
  3 fire vortices (Pan)
36 creatures vanquished.

Vanquished Creatures (others)
  A doom hound (Crypt:2)
  An alligator (Swamp:4)
  A deep elf knight (Elf:3)
  A yak (D:11)
  A large abomination (Pan)
  An orc wizard (Orc:2)
  257 fire vortices
  20 foxfires
283 creatures vanquished.

Grand Total: 2740 creatures vanquished

Notes
Turn   | Place    | Note
-------+----------+-------------------------------------------
     0 | D:1      | Armakuni the Human Wanderer began the quest for the Orb.
     0 | D:1      | Armakuni set off with the following items: a +3 short
                  | sword, a scroll of vulnerability, a +0 robe; and the
                  | following spells available to memorise: Jinxbite,
                  | Ensorcelled Hibernation.
     0 | D:1      | Reached XP level 1. HP: 15/15 MP: 3/3
   133 | D:1      | Reached XP level 2. HP: 12/22 MP: 5/5
   475 | D:2      | Reached XP level 3. HP: 28/28 MP: 6/6
  1196 | D:2      | Reached XP level 4. HP: 25/37 MP: 7/7
  1250 | D:2      | Noticed Sigmund
  1459 | D:3      | Found an ornate altar of the Wu Jian Council.
  1775 | D:3      | Found a sacrificial altar of Ru.
  1818 | D:3      | Found a shimmering altar of Xom.
  2003 | D:3      | Noticed an ogre
  2003 | D:3      | Noticed JaaP's ghost (amateur MiFi)
  2004 | D:3      | Found a transporter.
  2116 | D:2      | Reached XP level 5. HP: 43/43 MP: 8/8
  2797 | D:4      | Reached skill level 1 in Staves
  3000 | D:4      | Reached XP level 6. HP: 37/49 MP: 9/9
  3046 | D:4      | Found a runed translucent door.
  3046 | D:4      | Noticed a human
  3050 | D:4      | Found a basalt altar of Yredelemnul.
  3646 | D:2      | Killed Sigmund
  3647 | D:2      | Reached XP level 7. HP: 34/55 MP: 4/10
  3734 | D:5      | Entered Level 5 of the Dungeon
  3772 | D:5      | Reached skill level 5 in Staves
  3772 | D:5      | Reached skill level 1 in Evocations
  4203 | D:5      | Reached XP level 8. HP: 61/61 MP: 11/11
  4429 | D:5      | Found Assipattle's Dragon-Slaying Spoils.
  4556 | D:5      | Found a sparkling altar of Nemelex Xobeh.
  4584 | D:5      | Reached skill level 5 in Evocations
  4613 | D:5      | Found Vezef's Mass Market.
  4725 | D:5      | Found a hazy altar of Hepliaklqana.
  4725 | D:5      | Found a broken altar of Ashenzari.
  6313 | D:6      | Noticed Prince Ribbit
  6316 | D:6      | Killed Prince Ribbit
  6317 | D:6      | Reached XP level 9. HP: 66/66 MP: 12/12
  6486 | D:6      | Identified the +0 chain mail of Jos Giul {rC+ Dex+4}
  6640 | D:7      | Identified 3 scrolls of acquirement
  6640 | D:7      | Acquired 723 gold pieces
  6642 | D:7      | Acquired 827 gold pieces
  6644 | D:7      | Acquired the amulet of Pariqem {rPois rF+ Regen+ Int+4
                  | Dex+3}
  6733 | D:5      | Bought +0 acid dragon scales for 560 gold pieces
  6808 | D:7      | Noticed Duvessa
  6808 | D:7      | Noticed Dowan
  6809 | D:7      | Killed Dowan
  6812 | D:7      | Killed Duvessa
  6813 | D:7      | Reached skill level 1 in Armour
  6813 | D:7      | Reached skill level 1 in Dodging
  6824 | D:7      | Found a stormy altar of Qazlal.
  6909 | D:7      | Noticed Menkaure
  6919 | D:7      | Killed Menkaure
  7027 | D:7      | Found a flagged portal.
  7034 | Bailey   | Entered a bailey
  7359 | Bailey   | Reached XP level 10. HP: 70/70 MP: 13/13
  7535 | D:7      | Reached XP level 11. HP: 42/76 MP: 14/14
  7586 | D:7      | Found a glowing golden altar of the Shining One.
  7719 | D:7      | Found a staircase to the Ecumenical Temple.
  7725 | Temple   | Entered the Ecumenical Temple
  7767 | Temple   | Became a worshipper of Vehumet
  8045 | D:8      | Found Toveunwo's Antique Weapon Boutique.
  8051 | D:8      | Found a transporter.
  8065 | D:8      | Noticed Erica
  8066 | D:8      | Erica changed into Erica the swamp dragon
  8066 | D:8      | Noticed Erica
  8077 | D:8      | Killed Erica the swamp dragon
  8162 | D:8      | Noticed a two-headed ogre
  8295 | D:8      | Killed a two-headed ogre
  8296 | D:8      | Reached skill level 5 in Armour
  8296 | D:8      | Reached skill level 10 in Evocations
  8417 | D:8      | Reached * piety under Vehumet
  8417 | D:8      | Offered knowledge of Kiss of Death by Vehumet.
  8690 | D:9      | Learned a level 4 spell: Sticky Flame
  8694 | D:9      | Learned a level 3 spell: Hailstorm
  8747 | D:9      | Found a shimmering blue altar of Sif Muna.
  8821 | D:9      | Noticed a deep elf pyromancer
  8829 | D:9      | Killed a deep elf pyromancer
  8831 | D:9      | Found a staircase to the Orcish Mines.
  8933 | D:9      | Reached skill level 10 in Staves
  8989 | D:9      | Offered knowledge of Sandblast by Vehumet.
  8990 | D:9      | Reached XP level 12. HP: 81/84 MP: 13/15
  9004 | D:9      | Reached ** piety under Vehumet
  9005 | D:9      | Reached skill level 10 in Conjurations
  9070 | D:9      | Found an opulent altar of Gozag.
  9152 | D:9      | Reached skill level 1 in Fire Magic
  9378 | D:10     | Entered Level 10 of the Dungeon
  9383 | D:10     | Gained mutation: Your mind is acute. (Int +4, Str/Dex -1)
                  | [potion of mutation]
  9383 | D:10     | Gained mutation: You are frail. (-10% HP) [potion of
                  | mutation]
  9383 | D:10     | Gained mutation: You are covered in fur. (AC +1) [potion of
                  | mutation]
  9846 | D:10     | Found a bloodstained altar of Trog.
 10614 | D:11     | Acquired 554 gold pieces
 10624 | D:11     | Learned a level 7 spell: Orb of Destruction
 10718 | D:11     | Offered knowledge of Searing Ray by Vehumet.
 10789 | D:11     | Reached *** piety under Vehumet
 10941 | D:11     | Found a staircase to the Lair.
 10974 | D:11     | Offered knowledge of Flame Wave by Vehumet.
 11037 | D:11     | Reached skill level 5 in Spellcasting
 11070 | D:11     | Learned a level 5 spell: Irradiate
 11255 | D:11     | Found Tiguafoa's Weapon Emporium.
 11454 | D:12     | Got a resplendent book
 11493 | D:12     | Reached XP level 13. HP: 74/81 MP: 21/21
 11984 | D:12     | Reached **** piety under Vehumet
 12224 | D:12     | Identified the +8 hand axe of Guilt {heavy, SInv}
 12430 | D:13     | Noticed Lodul
 12435 | D:13     | Offered knowledge of Arcjolt by Vehumet.
 12517 | D:13     | Killed Lodul
 12532 | D:13     | Learned a level 5 spell: Arcjolt
 12699 | D:13     | Reached skill level 1 in Transmutations
 12699 | D:13     | Reached skill level 1 in Ice Magic
 12699 | D:13     | Reached skill level 1 in Air Magic
 12736 | D:13     | Noticed a centaur warrior
 12747 | D:13     | HP: 4/81 [centaur warrior/staff of cold (5)]
 12748 | D:13     | Killed a centaur warrior
 13186 | D:13     | Noticed a five-headed hydra
 13195 | D:13     | Killed a five-headed hydra
 13801 | D:13     | Reached XP level 14. HP: 54/86 MP: 27/27
 13826 | D:13     | Reached ***** piety under Vehumet
 13845 | D:13     | Offered knowledge of Ozocubu's Refrigeration by Vehumet.
 14135 | D:13     | Reached skill level 5 in Transmutations
 14135 | D:13     | Reached skill level 5 in Air Magic
 14286 | D:14     | Noticed Josephine
 14293 | D:14     | Killed Josephine
 14466 | D:14     | Noticed Agnes
 14483 | D:14     | Killed Agnes
 14745 | D:14     | Noticed Roxanne
 15188 | D:14     | Lost mutation: You are covered in fur. (AC +1) [potion of
                  | mutation]
 15188 | D:14     | Lost mutation: You are frail. (-10% HP) [potion of
                  | mutation]
 15188 | D:14     | Lost mutation: Your mind is acute. (Int +4, Str/Dex -1)
                  | [potion of mutation]
 15188 | D:14     | Gained mutation: You are vulnerable to cold. (rC-) [potion
                  | of mutation]
 15188 | D:14     | Gained mutation: Your spells are a little harder to cast,
                  | but a little more powerful. [potion of mutation]
 15188 | D:14     | Gained mutation: Armour fits poorly on your strangely
                  | shaped body. [potion of mutation]
 15427 | D:14     | Found a corrupted altar of Lugonu.
 15513 | D:14     | Found a gate to the Vaults.
 15578 | D:14     | Noticed Rupert
 15590 | D:14     | Killed Rupert
 15963 | D:14     | Killed Roxanne
 16035 | D:15     | Entered Level 15 of the Dungeon
 16117 | D:15     | Found Ticilunitog's Jewellery Shoppe.
 16158 | D:15     | Reached XP level 15. HP: 84/101 MP: 24/28
 16633 | D:15     | Found a staircase to the Depths.
 17053 | Lair:1   | Entered Level 1 of the Lair of Beasts
 17152 | Lair:1   | Noticed Amaemon
 17162 | Lair:1   | Killed Amaemon
 17253 | Lair:1   | Reached skill level 15 in Conjurations
 17536 | Lair:1   | Offered knowledge of Fulminant Prism by Vehumet.
 17587 | Lair:1   | Found a bloodstained altar of Trog.
 19013 | Lair:3   | Found a hole to the Spider Nest.
 19190 | Lair:3   | Lost mutation: You are vulnerable to cold. (rC-) [potion of
                  | mutation]
 19190 | Lair:3   | Lost mutation: Armour fits poorly on your strangely shaped
                  | body. [potion of mutation]
 19190 | Lair:3   | Gained mutation: Your mind is acute. (Int +4, Str/Dex -1)
                  | [potion of mutation]
 19190 | Lair:3   | Gained mutation: Your spells are harder to cast, but more
                  | powerful. [potion of mutation]
 19532 | Lair:3   | Found a staircase to the Swamp.
 19831 | Lair:4   | Noticed Snorg
 19837 | Lair:4   | Killed Snorg
 20096 | Lair:4   | Reached XP level 16. HP: 100/108 MP: 12/29
 20901 | Lair:5   | Entered Level 5 of the Lair of Beasts
 21193 | Lair:5   | Noticed Sonja
 21198 | Lair:5   | Killed Sonja
 21334 | Lair:5   | Noticed an acid blob
 21335 | Lair:5   | Found a runed translucent door.
 21336 | Lair:5   | Found a staircase to the Slime Pits.
 21524 | Lair:5   | Reached ****** piety under Vehumet
 21683 | Lair:5   | Found a large runed translucent door.
 21683 | Lair:5   | Found a large runed translucent door.
 21827 | Lair:5   | Offered knowledge of Yara's Violent Unravelling by Vehumet.
 22889 | D:3      | Found a transporter.
 22893 | D:3      | Killed JaaP's ghost
 23043 | Orc:1    | Entered Level 1 of the Orcish Mines
 23052 | Orc:1    | Paralysed by an orc sorcerer for 3 turns
 23133 | Orc:1    | Paralysed by an orc sorcerer for 4 turns
 23203 | Orc:1    | Found Quupraz's Distillery.
 23226 | Orc:1    | Bought a potion of enlightenment for 75 gold pieces
 23226 | Orc:1    | Bought 2 potions of magic for 240 gold pieces
 23226 | Orc:1    | Bought a potion of curing for 45 gold pieces
 23226 | Orc:1    | Bought a potion of curing for 45 gold pieces
 23226 | Orc:1    | Bought a potion of curing for 45 gold pieces
 23226 | Orc:1    | Bought a potion of haste for 150 gold pieces
 23226 | Orc:1    | Bought a potion of haste for 150 gold pieces
 23226 | Orc:1    | Bought a potion of cancellation for 120 gold pieces
 23535 | Orc:1    | Found Zoschaedu's Armour Shop.
 23543 | Orc:1    | Bought the +0 pair of boots of Etuunepy {+Blink +Inv Regen+
                  | Dex+3} for 381 gold pieces
 23723 | Orc:2    | Entered Level 2 of the Orcish Mines
 23723 | Orc:2    | Noticed Urug
 23725 | Orc:2    | Killed Urug
 23793 | Orc:2    | Offered knowledge of Plasma Beam by Vehumet.
 23913 | Orc:2    | Found a staircase to the Elven Halls.
 23936 | Orc:2    | Noticed Nessos
 23940 | Orc:2    | Nessos changed into Nessos the redback
 23940 | Orc:2    | Noticed Nessos
 23945 | Orc:2    | Killed Nessos the redback
 24090 | Orc:2    | Found Daecwey's Jewellery Emporium.
 24090 | Orc:2    | Found Tauvor's Magic Scroll Emporium.
 24091 | Orc:2    | Found Cacipes's Distillery.
 24095 | Orc:2    | Found Moatuhul's Assorted Antiques.
 24099 | Orc:2    | Bought a scroll of teleportation for 48 gold pieces
 24099 | Orc:2    | Bought a scroll of teleportation for 48 gold pieces
 24101 | Orc:2    | Bought a scroll of acquirement for 1040 gold pieces
 24101 | Orc:2    | Acquired 860 gold pieces
 24354 | D:5      | Bought quicksilver dragon scales for 840 gold pieces
 24519 | Lair:1   | Learned a level 6 spell: Plasma Beam
 24913 | Spider:1 | Entered Level 1 of the Spider Nest
 24977 | Spider:1 | Noticed an emperor scorpion
 24984 | Spider:1 | Killed an emperor scorpion
 24985 | Spider:1 | Reached XP level 17. HP: 102/113 MP: 3/30
 25387 | Spider:1 | Learned a level 7 spell: Spellforged Servitor
 25494 | Spider:1 | Identified the +2 ring mail of Ylouzxoo {rN+ Regen+ Str+2}
 25528 | Spider:1 | Reached skill level 1 in Summonings
 25904 | Spider:2 | Offered knowledge of Starburst by Vehumet.
 26016 | Spider:2 | Noticed Louise
 26148 | Spider:2 | Killed Louise
 26344 | Spider:2 | Reached skill level 10 in Spellcasting
 27524 | Spider:3 | Noticed Azrael
 27528 | Spider:3 | Killed Azrael
 27712 | Spider:3 | Paralysed by a hornet for 1 turns
 27858 | Spider:3 | Offered knowledge of Freezing Cloud by Vehumet.
 27865 | Spider:3 | Learned a level 5 spell: Freezing Cloud
 28165 | Spider:3 | Reached XP level 18. HP: 83/119 MP: 17/34
 28337 | Spider:3 | Found a large runed translucent door.
 28337 | Spider:3 | Found a large runed translucent door.
 28338 | Spider:3 | Noticed Vorhees's ghost (adept TrDe)
 29072 | Spider:3 | Killed Vorhees's ghost
 29280 | Spider:4 | Entered Level 4 of the Spider Nest
 29357 | Spider:4 | Upgraded the game from 0.31-a0-881-ge136f0c47a to
                  | 0.31-a0-920-g28cbb04a8c
 30858 | Spider:4 | Reached skill level 15 in Spellcasting
 30860 | Spider:4 | Upgraded the game from 0.31-a0-920-g28cbb04a8c to
                  | 0.31-a0-940-gdaa99269f9
 30860 | Spider:4 | Upgraded the game from 0.31-a0-940-gdaa99269f9 to
                  | 0.31-a0-948-gf5be29c462
 30944 | Spider:4 | Got a gossamer rune of Zot
 31113 | Spider:4 | Found a runed translucent door.
 31117 | Spider:4 | Noticed WhatIsLove's ghost (adept DjVM)
 31123 | Spider:4 | Killed WhatIsLove's ghost
 31589 | Swamp:1  | Entered Level 1 of the Swamp
 31962 | Swamp:1  | Offered knowledge of Eringya's Noxious Bog by Vehumet.
 32693 | Swamp:2  | Reached XP level 19. HP: 124/124 MP: 17/39
 33198 | Swamp:3  | Found a runed translucent door.
 33206 | Swamp:3  | Noticed flestrin's ghost (journeyman TrMo)
 33214 | Swamp:3  | Identified the +1 trident "Idexub Cugo" {heavy, *Rage rC++
                  | rN+ Str-5 Stlth+}
 33898 | Swamp:4  | Entered Level 4 of the Swamp
 34153 | Swamp:4  | Acquired the quicksilver dragon scales "Melah" {rElec Will+
                  | Str+3}
 34861 | Swamp:4  | Found a runed translucent door.
 35129 | Swamp:4  | Noticed Xoff's ghost (adept GnCj)
 35129 | Swamp:4  | Noticed a tentacled monstrosity
 35347 | Swamp:4  | Noticed the 27-headed Lernaean hydra
 35373 | Swamp:4  | Killed the 27-headed Lernaean hydra
 35504 | Swamp:4  | Got a decaying rune of Zot
 36086 | Swamp:3  | Killed flestrin's ghost
 36112 | Swamp:3  | Identified the +2 hat "Cejohaly" {-Cast rF+ Will+ Stlth+}
 36596 | Vaults:1 | Entered Level 1 of the Vaults
 37089 | Vaults:1 | Reached XP level 20. HP: 86/131 MP: 29/42
 38219 | Vaults:1 | Noticed Zenata
 38377 | Vaults:1 | Killed Zenata
 38641 | Vaults:1 | Offered knowledge of Shatter by Vehumet.
 38641 | Vaults:1 | Offered knowledge of Chain Lightning by Vehumet.
 38641 | Vaults:1 | Offered knowledge of Polar Vortex by Vehumet.
 39371 | Vaults:2 | Reached XP level 21. HP: 90/136 MP: 32/45
 41023 | Vaults:3 | Identified the "Duferec"
 41023 | Desolati | Identified the "Potuh"
 41035 | Vaults:3 | Found a staircase to the Crypt.
 41508 | Vaults:3 | Noticed Aizul
 41511 | Vaults:3 | Killed Aizul
 41717 | Vaults:3 | Found a crumbling gateway.
 42107 | Vaults:3 | Noticed Frederick
 42118 | Vaults:3 | Killed Frederick
 42353 | Vaults:3 | Reached XP level 22. HP: 142/142 MP: 47/47
 44559 | Vaults:4 | Found a large runed translucent door.
 44559 | Vaults:4 | Found a large runed translucent door.
 44560 | Vaults:4 | Noticed Inony's ghost (master FoHu)
 44585 | Vaults:4 | Killed Inony's ghost
 44602 | Vaults:4 | Identified the +6 flail "Moeph" {speed, rN+ Str+3}
 44691 | Vaults:4 | Reached XP level 23. HP: 145/148 MP: 47/49
 45093 | D:15     | Learned a level 2 spell: Blink
 45324 | Vaults:5 | Identified the "Zoniyfef"
 45324 | Vaults:5 | Identified the of Bemihog
 45324 | Vaults:5 | Identified the "Ygushreme"
 45324 | Vaults:5 | Identified the of Iblotwes
 45324 | Vaults:5 | Identified the "Ipul"
 45324 | Crypt:3  | Identified the "Rotzyoz"
 45324 | Elf:1    | Entered Level 1 of the Elven Halls
 46754 | Elf:2    | Paralysed by an air elemental for 1 turns
 46789 | Elf:2    | Paralysed by an air elemental for 1 turns
 46973 | Elf:2    | Found Uwkuom's Tremendous Tomes.
 46982 | Elf:2    | Bought the Annotations on Harmful Position for 1722 gold
                  | pieces
 47002 | Elf:2    | Learned a level 9 spell: Fire Storm
 47011 | Elf:2    | Learned a level 8 spell: Ignition
 47186 | Elf:2    | Reached skill level 5 in Fire Magic
 47283 | Elf:2    | Found a frozen archway.
 47297 | IceCv    | Entered an ice cave
 48088 | Elf:2    | Noticed Donald
 48092 | Elf:2    | Killed Donald
 48207 | Elf:2    | Paralysed by an air elemental for 1 turns
 48467 | Elf:2    | Identified the +5 sling of the Iron City of Dis {heavy,
                  | rPois rC+ Will- Dex+2}
 48561 | Elf:2    | Identified the +1 robe of Ysannemouf {Regen+}
 48585 | Elf:2    | Found a runed translucent gate.
 48591 | Elf:2    | Found a runed translucent gate.
 48591 | Elf:2    | Found a runed translucent gate.
 48711 | Elf:3    | Identified the "Umiyc"
 48711 | Elf:3    | Identified the "Kots"
 48711 | Elf:3    | Identified the "Xisto"
 48711 | Elf:3    | Entered Level 3 of the Elven Halls
 49186 | Elf:3    | Reached skill level 10 in Fire Magic
 49186 | Elf:3    | Reached XP level 24. HP: 108/154 MP: 43/50
 49478 | Elf:3    | Found Urirr's Distillery.
 49486 | Elf:3    | Bought a potion of heal wounds for 80 gold pieces
 49486 | Elf:3    | Bought a potion of heal wounds for 80 gold pieces
 49486 | Elf:3    | Bought a potion of mutation for 128 gold pieces
 49486 | Elf:3    | Bought a potion of haste for 160 gold pieces
 49526 | Elf:3    | Learned a level 6 spell: Bombard
 49973 | Elf:3    | Identified the +0 pair of boots "Dylirgh" {rCorr MP+9}
 49996 | Elf:3    | Identified the amulet of the Hippo {Harm rF+ Regen+}
 50016 | Elf:3    | Identified the +9 glaive "Bewkur" {flame, rPois rC+ Str+4}
 50017 | Elf:3    | Identified the +7 chain mail "Xus Xositt" {-Tele Regen+
                  | Str+5 Dex+3}
 50044 | Elf:3    | Learned a level 4 spell: Iskenderun's Mystic Blast
 50304 | Orc:2    | Bought a potion of haste for 120 gold pieces
 50304 | Orc:2    | Bought a potion of haste for 120 gold pieces
 50304 | Orc:2    | Bought a potion of cancellation for 96 gold pieces
 50311 | Orc:2    | Bought the ring "Zimegiut" {Str+2 Int+3 SInv} for 325 gold
                  | pieces
 50553 | Crypt:1  | Entered Level 1 of the Crypt
 50573 | Crypt:1  | You fall into a shaft and drop 1 floor!
 50949 | Crypt:2  | Noticed Grunn
 50955 | Crypt:2  | Killed Grunn
 51453 | Crypt:2  | Noticed an ancient lich
 51689 | Crypt:1  | Reached skill level 15 in Fire Magic
 51718 | Crypt:1  | Identified the +9 lajatang "Hoinet" {drain, Contam rF+++
                  | Str+4}
 52280 | Crypt:1  | Identified the +1 flail "Ycwug" {freeze, Int+9 Dex+3
                  | Stlth-}
 52460 | Crypt:2  | Killed an ancient lich
 52503 | Crypt:3  | Entered Level 3 of the Crypt
 52509 | Crypt:3  | Reached XP level 25. HP: 159/159 MP: 43/50
 53468 | Crypt:3  | Noticed a curse toe
 53476 | Crypt:3  | Killed a curse toe
 53711 | Crypt:3  | Noticed an ancient lich
 53715 | Crypt:3  | Killed an ancient lich
 54448 | Crypt:3  | Identified the ring "Zuesm" {rPois rF+ Will+++ Int+6 Dex-3}
 54475 | Crypt:3  | Identified the ring "Nosagg" {Str+4 Dex+6}
 54809 | Crypt:3  | Found a staircase to the Tomb.
 55392 | Vaults:5 | Entered Level 5 of the Vaults
 55544 | Vaults:5 | Reached XP level 26. HP: 109/166 MP: 29/50
 55551 | Vaults:5 | Noticed Saint Roka
 55553 | Vaults:5 | Killed Saint Roka
 55558 | Vaults:5 | Identified the ring "Zuxewul" {rF+ Dex+4}
 55895 | Vaults:5 | Identified the +2 leather armour of Qakeoz {rN+ rCorr}
 55945 | Vaults:5 | Reached XP level 27. HP: 171/171 MP: 50/50
 56005 | Vaults:5 | Identified the quicksilver dragon scales of the Baleful God
                  | {Will+ Dex+3} (You took it off a yaktaur captain on level 5
                  | of the Vaults)
 56005 | Vaults:5 | Identified the ring "Fopsy" {rCorr Int+6} (You took it off
                  | a yaktaur captain on level 5 of the Vaults)
 56093 | Vaults:5 | Identified the +1 great sword of Wu Jian's Outrage {venom,
                  | rPois rN+ Str-3 Int+2}
 56171 | Vaults:5 | Identified the +0 robe of the Eight Demons {Dex+2}
 56275 | Vaults:5 | Identified the +5 scale mail of Generosity {Fly Int+3
                  | Stlth+}
 56489 | Vaults:5 | Got a silver rune of Zot
 56822 | Vaults:5 | Identified the ring "Hukluc" {Wiz rC+ Str+3}
 57045 | Vaults:5 | Identified the orb of the Eleven Seas {guile, Fly rPois
                  | rC+++ Int-2}
 57705 | Slime:1  | Entered Level 1 of the Pits of Slime
 57804 | Slime:5  | Entered Level 5 of the Pits of Slime
 57804 | Slime:5  | Found the +8 demon blade "Leech" {evervamp, Harm Drain rN+}
 57865 | Slime:5  | Noticed the Royal Jelly
 57869 | Slime:5  | Killed the Royal Jelly
 58106 | Slime:5  | Identified the +4 chain mail of the Kappa {rCorr Str+3}
 58169 | Slime:5  | Identified the +0 scale mail "Okiheaq" {Harm Drain rPois
                  | MP+9}
 58174 | Slime:5  | Got a slimy rune of Zot
 58191 | Slime:5  | Identified the staff of the Sky {rN+ Stlth+ Necro}
 58204 | Slime:5  | Found the macabre finger necklace {Finger+ rN+}
 58512 | Depths:1 | Entered Level 1 of the Depths
 58925 | Depths:1 | Found a one-way gateway to a ziggurat.
 59391 | Depths:1 | Found a gateway to Hell.
 59741 | Hell     | Entered the Vestibule of Hell
 59741 | Hell     | Noticed Geryon
 59745 | Hell     | Noticed Murray
 60369 | Depths:2 | Found a one-way gate to the infinite horrors of the Abyss.
 60555 | Depths:2 | Found a one-way gate leading to the halls of Pandemonium.
 61529 | Depths:3 | Reached skill level 1 in Shields
 61690 | Depths:3 | Noticed a juggernaut
 61694 | Depths:3 | Killed a juggernaut
 61695 | Depths:3 | Reached skill level 5 in Shields
 61857 | Depths:3 | Found a runed translucent door.
 62070 | Depths:3 | Noticed Margery
 62075 | Depths:3 | Killed Margery
 62571 | Depths:3 | Found a broken altar of Ashenzari.
 62985 | Depths:3 | Noticed Ge0ff's ghost (veteran OpAr)
 62996 | Depths:3 | Killed Ge0ff's ghost
 63352 | Depths:4 | Entered Level 4 of the Depths
 63402 | Depths:4 | Found a portal to a secret trove of treasure.
 63568 | Depths:4 | You paid a toll of +6 fire dragon scales to enter a
                  | treasure trove
 63569 | Trove    | Entered a treasure trove
 63578 | Trove    | Identified a ring "Mesiugg" {Str+6 Dex+3 Stlth+}
 63582 | Trove    | Identified the ring "Yssoiz" {Dex+6 Slay+5}
 63585 | Trove    | Identified the ring of the Ferocious God {rF++ rCorr Int+2
                  | SInv}
 63604 | Trove    | Identified the ring of Mumag {Contam rF+ MP+9 Str+3 Slay+2}
 63611 | Trove    | Identified the ring "Sudoi" {rElec rPois Int+2}
 63617 | Trove    | Identified the ring of Ynabukoh {+Blink rPois rC+ Str-5
                  | Slay+3}
 63710 | Depths:4 | Identified the +0 robe of Jucig {rPois}
 64342 | Depths:4 | Found a stormy altar of Qazlal.
 64569 | Depths:4 | Found a shimmering altar of Xom.
 64577 | Depths:4 | Learned a level 2 spell: Passwall
 64587 | Depths:4 | Learned a level 8 spell: Lehudib's Crystal Spear
 65096 | Depths:4 | Found a gate to the Realm of Zot.
 65383 | Tomb:3   | Identified the "Fedatoc"
 65383 | Tomb:3   | Identified the "Umueplu"
 65383 | Tomb:3   | Identified the "Zept"
 65383 | Tomb:3   | Identified the of Fuinetaxt
 65383 | Dis:7    | Identified the "Zanutopa"
 65383 | Dis:7    | Identified the "Ixipp"
 65383 | Geh:7    | Identified the "Zatreire"
 65383 | Pan      | Entered Pandemonium
 65754 | Pan      | Noticed Keushr Qaezi the pandemonium lord
 65760 | Pan      | Gained mutation: You are weak. (Str -2) [a neqoxec]
 65761 | Pan      | Killed Keushr Qaezi the pandemonium lord
 66088 | Pan      | Found a runed translucent door.
 66108 | Pan      | Got a demonic rune of Zot
 66291 | Pan      | Entered the realm of Cerebov.
 66615 | Pan      | Identified the +4 scimitar of Contention {drain, rF+}
 66856 | Pan      | Found the +6 sword of Cerebov {flame}
 66856 | Pan      | Noticed Cerebov
 67173 | Pan      | Killed Cerebov
 67206 | Pan      | Got a fiery rune of Zot
 67228 | Pan      | Identified the staff of the Elven Halls {rF+ Str+2 Int+4
                  | Fire}
 67305 | Pan      | Identified the +2 halberd "Zengawaq" {antimagic, Will+
                  | Dex+2}
 67383 | Pan      | Identified the +8 long sword "Gaunio Emetz" {holy, Int+2
                  | Stlth+}
 67493 | Pan      | Identified the +6 orcbow of Xuiwiydi {drain, rF+ rC+ Dex-2}
 67893 | Pan      | Learned a level 1 spell: Apportation
 67968 | Pan      | Noticed Ignacio
 67977 | Pan      | HP: 6/171 [Ignacio/+2 executioner's axe of pain (18)]
 67977 | Pan      | Slain by Ignacio

Illustrated notes

Levels and vault maps discovered:
D:1:      dpeg_chamrin_arrival_tetris, layout_loops_ring, chequers_mini_garden
D:2:      layout_basic, basic_altar, uniq_sigmund
D:3:      minmay_spotlight, layout_loops_ring, general_overflow_altar,
          mainiacjoe_overflow_catch_the_wave, gammafunk_ghost_smash,
          st_stairs_2, kennysheep_generic_room_6
D:4:      layout_basic, dk_yredelemnul_ordeal
D:5:      minmay_general_purpose_star, layout_cave_pools,
          nemelex_spade_bored_becter, gammafunk_temple_overflow_wave,
          minmay_shop_mass, nicolae_shop_dragon_depot
D:6:      layout_layer_cave, st_stairs_13, hangedman_decor_riveting,
          uniq_prince_ribbit1
D:7:      layout_cave_pools, lemuel_tele_altar, nicolae_tso_besieged_by_evil,
          minmay_temple_entry_enclosed_plants, enter_bailey_2, uniq_duvessa,
          uniq_menkaure
D:8:      layout_basic, serial_shops, shop, nicolae_diode_basic, uniq_erica
D:9:      cheibrodos_frozen_isle, layout_cave_pools,
          mainiacjoe_overflow_six_doors_small,
          nicolae_gozag_cash_rules_everything_around_me
D:10:     layout_roguey, mainiacjoe_overflow_24_doors, serial_rivers,
          chequers_serial_rivers_micro_a, chequers_serial_rivers_small_3,
          chequers_serial_rivers_micro_e, chequers_serial_rivers_small_b,
          chequers_serial_rivers_large_a, chequers_serial_rivers_small_3,
          st_stairs_2
D:11:     layout_roguey, due_lair_maze_entry_diamond, serial_shops, shop,
          dk_noncrumbling_3
D:12:     layout_loops_cross
D:13:     minmay_the_grid_triangle_9x9_recursive_2_mashed
          [minmay_the_grid_triangle_9x9_prize_center,
          minmay_the_grid_triangle_9x9_windchime,
          minmay_the_grid_triangle_9x9_intruding_spiral,
          minmay_the_grid_triangle_9x9_checkered], layout_basic,
          einodemon_barbed_minivault, uniq_lodul
D:14:     kennysheep_kobold_lugonu_temple, layout_gridville,
          hangedman_vaults_entry_quadrant_bands, minmay_misc_feat_alley,
          minivault_8, uniq_agnes, uniq_josephine, uniq_roxanne, uniq_rupert
D:15:     grunt_enter_depths_hoard, layout_long_grid, roderic_roman_lattice,
          serial_shops, shop, evilmike_minifort
Temple:   jpeg_temple_alley_garden
Lair:1:   layout_hall_layers, basic_altar, grunt_megastairs_2,
          serial_bayou_shore_b, uniq_amaemon
Lair:2:   layout_long_grid, infiniplex_staircase_pool
Lair:3:   layout_long_grid, alex1729_swamp_entry_worm_eleionoma,
          nicolae_spider_entry_non_spiders, st_stairs_10, grunt_megastairs_5
Lair:4:   layout_loops_ring, uniq_snorg
Lair:5:   cheibrodos_lair_end_hotspot, layout_loops_ring, slime_entry_2,
          nicolae_quartered_pool_medium, kennysheep_abandoned_house, uniq_sonja
Swamp:1:  layout_falls_marsh, evilmike_swamp_ruin_rubble_2,
          nicolae_swamp_wisp_ring_woods
Swamp:2:  layout_basic_swamp, nicolae_swamp_small_spring
Swamp:3:  layout_falls_marsh, ebering_ghost_funeral_grove,
          hangedman_swamp_diagram
Swamp:4:  grunt_swamp_rune_castle, layout_basic_swamp,
          ebering_ghost_inner_flame, swamp_pool1
Spider:1: layout_spider_delve
Spider:2: nicolae_spider_corner, uniq_louise
Spider:3: spiders_nest_scorpion_pit, ebering_ghost_disaster_area, uniq_azrael
Spider:4: spider_rune_water, special_room [special_room_bee],
          ebering_ghost_reflecting_pool
Slime:1:  nicolae_slime_pool, layout_caves
Slime:2:  layout_caves, nicolae_slime_barrier,
          cheibrodos_slime_lost_civilization_7
Slime:3:  layout_caves
Slime:4:  layout_caves
Slime:5:  slime_pit_nicolae_jellycorners
Orc:1:    layout_caves, basic_altar, serial_shops, shop, shop,
          nicolae_orc_flooded_monolith, mines5_lemuel
Orc:2:    st_orc_mages, layout_caves, mines2_david, uniq_nessos, uniq_urug
Elf:1:    kennysheep_room_grid, layout_onion_city,
          kennysheep_underground_church, minivault_25_ag
Elf:2:    elven_hall_of_blades_hangedman_original
          [nicolae_blade_entry_area_security], layout_onion_city,
          portal_ice_cave_entry_ice_simulacra, nicolae_shop_i_like_big_books,
          hangedman_elf_represent, uniq_donald
Elf:3:    minmay_elf_hall_hex, layout_rooms, serial_shops,
          nicolae_shop_hallway_stairs
Vaults:1: nicolae_vaults_c_with_doors, v_alt_pattern_5,
          nicolae_vaults_doubleplus_tesselated, nicolae_vaults_apartment_1,
          nicolae_vaults_wine_cellar, vaults_room_corners, v_misc_18,
          nicolae_vaults_mini_display_case, layout_vaults_maze_bifur,
          uniq_zenata
Vaults:2: nicolae_vaults_hexular_roomagon, nicolae_vaults_closet_pinwheel_3,
          v_pattern_5, nicolae_vaults_murderbox, nicolae_vaults_alarming,
          ontoclasm_vaults_ligature, vaults_dpeg_diagonal, serial_ice_m,
          nicolae_vaults_storage_closets_2, serial_ice_b, v_rooms_6,
          vaults_room_fours, nicolae_vaults_oval_intersection,
          nicolae_vaults_tetromino_L_2, ontoclasm_vaults_loading_screen,
          nicolae_vaults_layer_cake_slice, layout_vaults_ring
Vaults:3: portal_desolation_entry_twin_temple,
          minmay_crypt_entry_simple_statues, vaults_room_stairs_pillars,
          nicolae_vaults_house_1, hangedman_vaults_locks, hangedman_vaults_maws,
          nicolae_vaults_library_corner, dpeg_vaults_monster_row,
          vaults_dpeg_ring, nicolae_vaults_double_plus_2,
          vaults_room_semicircle, layout_vaults_omnigrid, uniq_frederick,
          uniq_aizul
Vaults:4: ebering_ghost_disaster_area, nicolae_vaults_closet_pinwheel_1,
          nicolae_vaults_thirteen_compartments,
          nicolae_vaults_closet_pinwheel_3, nicolae_vaults_storage_closets_1,
          ontoclasm_vaults_misaligned, ontoclasm_vaults_fault,
          vaults_mumra_minichess_inversion, nicolae_vaults_what_the_h,
          ontoclasm_vaults_pinch, vaults_room_fours,
          nicolae_vaults_little_squares_5, vaults_room_pool,
          layout_vaults_omnibox
Vaults:5: uniq_saint_roka
Crypt:1:  layout_catacombs, beargit_elvish_explorers, grunt_crypt_arrival_split
Crypt:2:  layout_gridlike, lemuel_upstairs_altar, lemuel_elevator, uniq_grunn
Crypt:3:  due_elkab, layout_chaotic_city, tomb_entry_simple_bobbens
Depths:1: layout_cave_pools, enter_ziggurat_c, roderic_serpentine_path,
          grunt_hell_entry_dis_grunt, kennysheep_big_empty_room,
          kennysheep_generic_room_15
Depths:2: dreamdust_tengu_aerie, layout_gridlike, minivault_11,
          nicolae_abyss_entry_one_way_or_another, rand_demon_pan_entry_4,
          hellmouth_1, hangedman_decor_clover_reticule,
          infiniplex_staircase_9_rooms
Depths:3: evilmike_cross, layout_basic, pf_coc_iceberg,
          abyss_entry_small_statue_room, muffindrake_ghost_dead_mans_drink,
          evilmike_ruin_ashenzari, minmay_staircase_statues, uniq_margery
Depths:4: evilmike_zot_entry_gauntlet, layout_gridlike,
          hangedman_tar_grid_catacomb, grunt_qazlal_clouds, enter_trove_5,
          tgw_xom
Hell
Pan:      regret_index_pan_draining_boxed, layout_gridlike,
          evilmike_cerebov_lava, layout_chambers, rand_demon_4, layout_gridlike,
          grunt_pan_spiral, layout_pan_divisions_b [pan_division_quadrant_b4,
          pan_division_quadrant_b1, pan_division_quadrant_b3,
          pan_division_quadrant_b1], nicolae_pan_diamonds, layout_onion_city,
          uniq_ignacio

Skill      XL: |  1  2  3  4  5  6  7  8  9 10 11 12 13 14 15 16 17 18 19 20 21 22 23 24 25 26 27 |
---------------+----------------------------------------------------------------------------------+-----
Fighting       | 2 3 4 |  4.5
Staves         | 2 4 5 9 10 12 | 12.0
Evocations     | 4 8 9 10 | 10.0
Armour         | 4 5 |  5.0
Dodging        | 2 |  2.0
Conjurations   | 7 9 10 13 17 19 20 22 23 25 | 25.5
Fire Magic     | 4 10 15 19 21 25 | 25.2
Spellcasting   | 5 9 12 16 18 20 21 22 23 24 | 24.7
Transmutations | 4 5 |  5.0
Ice Magic      | 3 |  3.0
Air Magic      | 4 5 |  5.0
Summonings     | 4 |  4.0
Shields        | 7 |  7.0
Short Blades   | |  4.0
Stealth        | |  1.0
Hexes          | |  2.0

Action                     |  1- 3 |  4- 6 |  7- 9 | 10-12 | 13-15 | 16-18 | 19-21 | 22-24 | 25-27 || total
---------------------------+-------+-------+-------+-------+-------+-------+-------+-------+-------++-------
  Melee: Short sword       |    94 |   114 |   251 |     9 |       |       |       |       |       ||   468
         Punch             |       |       |     1 |     8 |    10 |     9 |     7 |       |       ||    35
         Staff             |       |       |       |   537 |   511 |   527 |   316 |   231 |   172 ||  2294
         Flail             |       |       |       |       |       |       |       |       |    23 ||    23
   Fire: Sling             |     4 |    42 |       |       |       |       |       |       |       ||    46
  Throw: Javelin           |     4 |     6 |     9 |       |       |       |       |       |       ||    19
         Dart              |       |       |       |       |     3 |     6 |     2 |     6 |       ||    17
         Throwing net      |       |       |       |       |     1 |       |       |       |       ||     1
   Cast: Hailstorm         |       |       |       |     7 |     3 |     1 |       |       |       ||    11
         Sticky Flame      |       |       |       |    37 |    94 |   121 |    45 |    54 |     1 ||   352
         Arcjolt           |       |       |       |       |    57 |   114 |   114 |   135 |       ||   420
         Irradiate         |       |       |       |       |    20 |    39 |     3 |    24 |       ||    86
         Orb of Destructio |       |       |       |       |    14 |    44 |   161 |   134 |    67 ||   420
         Freezing Cloud    |       |       |       |       |       |    38 |    28 |    30 |       ||    96
         Spellforged Servi |       |       |       |       |       |       |       |    14 |     8 ||    22
         Plasma Beam       |       |       |       |       |       |       |       |    58 |    11 ||    69
         Bombard           |       |       |       |       |       |       |       |    38 |    84 ||   122
         Iskenderun's Myst |       |       |       |       |       |       |       |    13 |    86 ||    99
         Ignition          |       |       |       |       |       |       |       |     2 |    20 ||    22
         Fire Storm        |       |       |       |       |       |       |       |       |   272 ||   272
         Lehudib's Crystal |       |       |       |       |       |       |       |       |    47 ||    47
         Apportation       |       |       |       |       |       |       |       |       |     1 ||     1
Ability: Evoke Blink       |       |       |       |       |       |       |       |       |     1 ||     1
  Evoke: Wand              |       |     5 |    25 |    62 |     6 |    16 |     7 |     8 |     9 ||   138
         Sack of spiders   |       |       |       |       |     1 |     1 |     2 |       |       ||     4
         Tin of tremorston |       |       |       |       |       |       |       |     1 |     2 ||     3
    Use: Scroll            |     3 |    11 |     6 |     8 |    10 |    12 |     4 |    14 |    17 ||    85
         Potion            |       |       |     1 |     5 |    14 |    11 |     3 |     5 |    12 ||    51
   Stab: Sleeping          |     2 |     3 |     1 |     1 |     1 |       |       |       |       ||     8
         Distracted        |       |       |       |       |       |       |       |     1 |     1 ||     2
 Armour: Robe              |    49 |    64 |   134 |       |       |       |       |       |       ||   247
         Acid dragon scale |       |       |    63 |   395 |   471 |   205 |       |       |       ||  1134
         Quicksilver drago |       |       |       |       |       |   539 |   420 |   505 |   354 ||  1818
  Dodge: Dodged            |    53 |    68 |   150 |   325 |   463 |   637 |   264 |   176 |   106 ||  2242
  Block: Buckler           |       |       |       |       |       |       |       |       |    47 ||    47
         Reflection        |       |       |       |       |       |       |       |       |     1 ||     1

Table legend: (Time is in decaauts)
 A = Elapsed time spent in this place.
 B = Non-inter-level travel time spent in this place.
 C = Inter-level travel time spent in this place.
 D = Time resting spent in this place.
 E = Time spent auto-exploring this place.
 F = Levels seen in this place.
 G = Mean time per level.
                   A        B        C        D        E       F      G
               +--------+--------+--------+--------+--------+-----+--------+
         Total |  67386 |  62441 |   4945 |  16691 |  30714 |  60 | 1123.1 |
       Dungeon |  17737 |  15817 |   1920 |   2056 |   9510 |  15 | 1182.5 |
        Temple |     83 |      2 |     81 |      0 |      0 |   1 |   83.0 |
          Lair |   6390 |   5426 |    964 |    829 |   3536 |   5 | 1278.0 |
         Swamp |   4825 |   4597 |    228 |   1565 |   2245 |   4 | 1206.2 |
   Spider Nest |   6598 |   6340 |    258 |   2286 |   2697 |   4 | 1649.5 |
    Slime Pits |    577 |    577 |      0 |    244 |      0 |   5 |  115.4 |
  Orcish Mines |   1295 |   1159 |    136 |     74 |    751 |   2 |  647.5 |
   Elven Halls |   4166 |   4026 |    140 |    931 |   1973 |   3 | 1388.7 |
        Vaults |  10364 |   9739 |    625 |   3233 |   4316 |   5 | 2072.8 |
         Crypt |   4738 |   4585 |    153 |   1572 |   1930 |   3 | 1579.3 |
        Depths |   6799 |   6363 |    436 |   2023 |   3373 |   4 | 1699.8 |
          Hell |     12 |     12 |      0 |      0 |      0 |   1 |   12.0 |
   Pandemonium |   2549 |   2549 |      0 |   1394 |     69 |   5 |  509.8 |
         Trove |     60 |     60 |      0 |      0 |      2 |   1 |   60.0 |
        Bailey |    433 |    433 |      0 |     65 |    196 |   1 |  433.0 |
      Ice Cave |    754 |    754 |      0 |    418 |    114 |   1 |  754.0 |
               +--------+--------+--------+--------+--------+-----+--------+

Top non-repeatable levels by time:
Vaults:1: 2699 daAuts
 Crypt:3: 2347 daAuts
Spider:4: 2165 daAuts
    D:14: 2041 daAuts
Vaults:3: 2021 daAuts
Vaults:4: 2010 daAuts
 Swamp:4: 2010 daAuts
Depths:3: 1868 daAuts
Vaults:2: 1864 daAuts
Depths:4: 1853 daAuts
     D:6: 1793 daAuts
    D:13: 1791 daAuts
Spider:3: 1784 daAuts
Vaults:5: 1767 daAuts
Depths:2: 1721 daAuts
